Map: Vigía EE

Players

MrFercho - Winner!

  • Race: Zerg Zerg
  • League: Silver
  • Spawn Location: 12:00

TATORREA - Winner!

  • Race: Protoss Protoss
  • League: Silver
  • Spawn Location: 9:00

tigro - Winner!

  • Race: Terran Terran
  • League: Bronze
  • Spawn Location: 9:00

INAMIBLE

  • Race: Protoss Protoss
  • Spawn Location: 5:00

Dinisc

  • Race: Terran Terran
  • Spawn Location: 5:00

EsqueletoXd

  • Race: Zerg Zerg
  • League: Silver
  • Spawn Location: 6:00

VOD

Have the link to the VOD?

Description

Time

  • Played on: June 8, 2020, 9:08 p.m.
  • Length: 15:53
Show
View Real Time Build Order
Export as new Build Order

MrFercho Zerg - Winner!

Build Orders: Hatch First 

Get SALT Encoding   

  12  0:01  Drone  
  13  0:13  Overlord  
  13  0:18  Drone  
  14  0:32  Drone x2  
  17  0:35  Drone  
  17  0:46  Drone  
  18  1:02  Drone  
  19  1:04  Hatchery  
  19  1:08  Drone  
  19  1:18  Extractor  
  19  1:21  Spawning Pool, Drone  
  18  1:29  Drone  
  19  1:40  Overlord  
  19  1:51  Drone  
  21  2:01  Drone  
  21  2:10  Queen  
  23  2:16  Queen  
  23  2:18  Drone x2  
  27  2:27  Drone  
  27  2:28  Drone  
  29  2:43  Drone x2  
  32  2:44  Drone  
  32  3:02  Queen  
  34  3:08  Lair  
  34  3:09  Drone x2  
  36  3:17  Extractor  
  36  3:19  Overlord x2  
  35  3:20  Overlord  
  35  3:21  Extractor  
  34  3:34  Drone x2  
  36  3:37  Overlord x2  
  36  3:38  Hatchery, Drone  
  36  3:39  Drone x2  
  38  3:44  Drone x2  
  40  4:05  Drone x4  
  44  4:12  Drone x2  
  46  4:23  Roach Warren  
  45  4:26  Evolution Chamber  
  45  4:27  Drone x7  
  51  4:32  Drone  
  52  4:39  Drone  
  53  4:55  Extractor  
  52  5:01  Extractor  
  51  5:08  Drone x7  
  51  5:09  Drone x3  
  51  5:14  Overlord x2  
  61  5:28  Infestation Pit  
  61  5:31  Zerg Missile Weapons Level 1  
  61  5:35  Roach x5  
  70  5:36  Roach x4  
  70  5:40  Drone x2  
  80  5:48  Hydralisk Den  
  79  6:08  Drone  
  79  6:09  Drone x10  
  90  6:11  Overlord x2  
  90  6:22  Spore Crawler  
  89  6:27  Spore Crawler  
  88  6:38  Hydralisk x8  
  104  6:42  Overlord  
  104  6:46  Hatchery, Grooved Spines  
  103  6:50  Hive  
  103  6:59  Evolution Chamber  
  102  7:30  Hydralisk x6  
  102  7:31  Hydralisk  
  102  7:36  Overlord x3  
  98  7:50  Drone x2  
  98  7:51  Drone  
  101  7:58  Muscular Augments  
  101  8:13  Hydralisk  
  101  8:14  Hydralisk x13  
  101  8:19  Zerg Missile Weapons Level 2  
  129  8:20  Zerg Ground Armor Level 1  
  129  8:28  Extractor  
  129  8:32  Drone x4  
  129  8:33  Drone x6  
  138  8:42  Extractor  
  138  8:43  Extractor  
  136  9:04  Hydralisk x4  
  136  9:06  Overlord  
  136  9:07  Overlord x4  
  144  9:27  Drone x3  
  144  9:28  Drone x4  
  144  9:29  Drone x4  
  144  9:30  Drone x2  
  157  10:09  Hydralisk x8  
  157  10:10  Hydralisk x4  
  181  10:18  Overlord x2  
  181  10:19  Overlord  
  181  10:39  Spore Crawler  
  181  10:42  Pathogen Glands  
  180  10:44  Spore Crawler  
  179  10:52  Hydralisk  
  179  10:53  Hydralisk x9  
  199  11:11  Hatchery  
  198  11:14  Extractor  
  198  11:16  Extractor  
  198  11:17  Hydralisk x2  
  162  11:35  Drone x5  
  162  11:38  Neural Parasite  
  153  11:43  Zerg Missile Weapons Level 3, Zerg Ground Armor Level 2  
  133  12:23  Hydralisk  
  133  12:24  Hydralisk x14  
  155  12:35  Queen  
  147  13:28  Hydralisk x11  
  147  13:29  Hydralisk x4  
  175  13:46  Hydralisk x5  
  161  14:21  Hatchery  
  161  14:23  Hatchery  
  159  14:28  Spire  
  158  15:01  Hydralisk  
  158  15:02  Hydralisk x20  
Show
View Real Time Build Order
Export as new Build Order

TATORREA Protoss - Winner!

Build Orders:  

Get SALT Encoding   

  12  0:04  Probe  
  13  0:19  Probe (Chrono Boost)  
  13  0:20  Pylon  
  14  0:31  Probe (Chrono Boost)  
  15  0:39  Probe (Chrono Boost)  
  16  0:50  Gateway  
  16  0:52  Gateway  
  16  0:55  Probe  
  17  1:10  Assimilator, Probe  
  18  1:19  Pylon  
  18  1:22  Probe  
  19  1:49  Nexus  
  19  1:57  Pylon  
  19  2:03  Cybernetics Core  
  19  2:10  Probe  
  20  2:16  Assimilator  
  20  2:19  Zealot  
  20  2:22  Zealot  
  24  2:25  Probe  
  25  2:33  Warp Gate  
  25  2:41  Probe  
  26  2:59  Probe  
  26  3:02  Probe  
  28  3:14  Pylon  
  28  3:17  Pylon  
  28  3:20  Twilight Council  
  28  3:22  Robotics Facility, Probe x2  
  30  3:28  Stalker (Chrono Boost)  
  32  3:38  Zealot (Chrono Boost)  
  34  3:48  Probe  
  34  3:49  Probe  
  34  3:50  Gateway  
  36  4:00  Probe  
  36  4:01  Probe  
  38  4:13  Probe x2  
  40  4:22  Gateway  
  40  4:24  Gateway  
  40  4:26  Warp Prism  
  40  4:28  Charge (Chrono Boost), Probe  
  40  4:30  Probe  
  44  4:45  Probe x2  
  46  4:57  Probe  
  46  4:59  Assimilator  
  47  5:01  Assimilator  
  47  5:03  Probe  
  47  5:07  Immortal  
  52  5:19  Probe x2  
  54  5:22  Gateway  
  54  5:25  Gateway  
  54  5:33  Probe x2  
  56  5:39  Zealot x2  
  56  5:40  Zealot x3  
  66  5:45  Probe x2  
  58  6:14  Stalker x3  
  58  6:15  Stalker x2  
  44  7:07  Pylon, Nexus  
  44  7:10  Pylon  
  44  7:15  Pylon  
  44  7:19  Stargate  
  44  7:22  Stargate  
  44  7:24  Stargate  
  44  7:29  Forge  
  44  7:30  Forge  
  44  7:35  Stalker  
  44  7:36  Stalker x2, Forge  
  44  7:37  Stalker x4  
  52  7:38  Cybernetics Core  
  58  7:46  Probe x2  
  60  7:58  Probe x2  
  62  8:06  Immortal  
  66  8:19  Probe x3  
  69  8:28  Stalker x5  
  69  8:29  Stalker x2  
  83  8:34  Phoenix  
  83  8:37  Phoenix  
  87  8:41  Phoenix  
  87  8:46  Probe x3  
  92  8:50  Assimilator  
  92  8:53  Assimilator  
  92  9:08  Fleet Beacon  
  92  9:14  Robotics Bay  
  92  9:26  Protoss Ground Weapons Level 1 (Chrono Boost)  
  92  9:28  Protoss Ground Armor Level 1 (Chrono Boost), Protoss Air Weapons Level 1  
  92  9:29  Protoss Shields Level 1 (Chrono Boost)  
  92  9:31  Protoss Air Armor Level 1  
  92  9:42  Probe x3  
  95  9:51  Phoenix x3  
  101  9:54  Probe x3  
  104  10:02  Nexus  
  104  10:14  Pylon  
  104  10:18  Pylon  
  104  10:20  Extended Thermal Lance  
  104  10:26  Pylon  
  104  10:29  Anion Pulse-Crystals (Chrono Boost)  
  104  10:32  Colossus  
  110  10:39  Phoenix x3  
  116  10:46  Blink  
  116  10:57  Pylon  
  116  10:59  Pylon x2  
  116  11:01  Pylon  
  116  11:05  Zealot x3  
  116  11:06  Zealot x4  
  122  12:27  Protoss Ground Weapons Level 2 (Chrono Boost)  
  122  12:30  Protoss Ground Armor Level 2 (Chrono Boost)  
  122  12:31  Protoss Shields Level 2 (Chrono Boost)  
  122  12:44  Protoss Air Weapons Level 2, Carrier  
  122  12:46  Tempest, Carrier  
  122  12:48  Protoss Air Armor Level 2  
  139  12:57  Zealot  
  139  12:58  Zealot x4  
  145  12:59  Zealot x2  
  153  13:18  Zealot  
  153  13:19  Zealot x5  
  165  13:20  Zealot  
  165  13:26  Assimilator  
  167  13:28  Tempest  
  167  13:30  Assimilator  
  172  13:49  Carrier  
  176  14:04  Tempest  
  165  14:12  Carrier  
Show
View Real Time Build Order
Export as new Build Order

tigro Terran - Winner!

Build Orders:  

Get SALT Encoding   

  12  0:04  SCV  
  13  0:16  SCV  
  14  0:28  SCV  
  14  0:31  Supply Depot  
  15  0:36  Refinery  
  15  0:52  SCV  
  16  1:01  Barracks  
  16  1:04  SCV  
  17  1:13  Refinery  
  17  1:17  SCV  
  18  1:29  SCV  
  19  1:35  Supply Depot  
  19  1:41  SCV  
  20  1:51  Marine  
  20  1:53  SCV  
  22  2:05  SCV  
  23  2:09  Marine  
  24  2:17  SCV  
  24  2:20  Barracks  
  25  2:27  Marine  
  25  2:29  SCV  
  27  2:30  Engineering Bay  
  27  2:45  Marine  
  28  2:56  Orbital Command  
  28  3:03  Marine  
  29  3:10  Barracks Tech Lab  
  29  3:18  Factory  
  29  3:34  Barracks Tech Lab  
  29  3:36  Combat Shield  
  29  3:39  Command Center  
  29  3:53  Marine  
  30  3:58  Stimpack  
  30  4:04  Factory Tech Lab  
  30  4:11  Marine  
  30  4:15  Starport  
  31  4:22  Marine  
  32  4:29  Marine  
  33  4:34  Terran Infantry Weapons Level 1  
  33  4:40  Marine  
  34  4:46  Marine  
  35  4:54  Concussive Shells  
  35  4:55  Medivac, Refinery  
  35  4:57  Marine, Siege Tank  
  41  5:04  Marine  
  42  5:13  Missile Turret  
  42  5:15  Marine  
  42  5:20  SCV  
  44  5:35  Missile Turret  
  44  5:40  Starport Tech Lab  
  44  6:08  SCV  
  45  6:12  Missile Turret  
  45  6:16  Refinery  
  45  6:20  SCV  
  46  6:29  Terran Infantry Armor Level 1  
  46  6:32  SCV  
  47  6:44  Marine x2, SCV  
  50  6:55  Missile Turret  
  50  6:56  SCV  
  51  7:02  Marine x2  
  51  7:04  Fusion Core  
  53  7:17  Missile Turret  
  53  7:20  Marine x2  
  53  7:21  Siege Tank  
  58  7:27  Medivac  
  60  7:37  Missile Turret  
  60  7:38  Marine x2  
  62  7:52  Armory  
  62  8:01  Missile Turret  
  62  8:06  Marine  
  62  8:10  Marine  
  61  8:13  Medivac  
  48  8:22  Neosteel Armor  
  48  8:24  Marine  
  49  8:28  Marine  
  50  8:34  Weapon Refit  
  50  8:37  Missile Turret  
  50  8:42  Marine  
  50  8:46  Marine  
  46  9:00  Marine  
  39  9:03  Marine  
  39  9:07  Command Center  
  40  9:14  Refinery  
  40  9:18  Marine  
  40  9:19  Battlecruiser  
  40  9:21  Marine  
  40  9:24  Refinery  
  48  9:27  SCV  
  49  9:39  SCV  
  50  9:51  SCV  
  51  10:03  Hi-Sec Auto Tracking, SCV  
  52  10:15  Rapid Reignition System  
  52  10:22  Terran Vehicle Weapons Level 1  
  52  10:23  Medivac  
  54  10:34  Drilling Claws  
  54  10:43  Planetary Fortress  
  54  10:59  Terran Infantry Weapons Level 2  
  54  11:11  Advanced Ballistics  
  54  11:32  Supply Depot  
  54  11:35  Battlecruiser  
  54  11:39  Marine x2  
  62  11:53  Mag-Field Accelerator  
  62  11:55  Supply Depot  
  62  11:57  Marine x2  
  64  12:15  Marine x2  
  66  12:16  Terran Vehicle And Ship Armor Level 1  
  66  12:18  Supply Depot  
  66  12:33  Marine x2  
  67  12:39  Medivac  
  67  13:02  Marine x2  
  64  13:15  Terran Infantry Armor Level 2  
  64  13:19  Marine x2  
  60  13:23  Battlecruiser  
  68  13:37  Marine x2  
  68  13:55  Marine x2  
  70  14:13  Marine x2  
  72  14:27  Battlecruiser  
  72  14:31  Marine x2  
  80  14:39  Thor  
  86  14:48  Marine  
  86  14:49  Marine  
  88  15:06  Marine x2  
  88  15:24  Marine x2  
Show
View Real Time Build Order
Export as new Build Order

INAMIBLE Protoss 

Build Orders: 1 Gate Expand, Carriers, Carrier Rush 

Get SALT Encoding   

  12  0:02  Probe (Chrono Boost)  
  13  0:17  Pylon  
  13  0:18  Probe  
  14  0:30  Probe  
  15  0:37  Gateway  
  15  0:43  Probe  
  15  0:47  Assimilator  
  16  0:55  Probe  
  18  1:18  Probe (Chrono Boost)  
  18  1:28  Cybernetics Core  
  18  1:29  Probe (Chrono Boost), Nexus  
  19  1:36  Probe  
  20  1:47  Assimilator  
  20  1:48  Probe  
  21  2:00  Probe  
  22  2:01  Pylon  
  22  2:05  Assimilator  
  22  2:09  Assimilator  
  22  2:13  Probe (Chrono Boost)  
  23  2:19  Pylon  
  24  2:23  Probe (Chrono Boost)  
  24  2:25  Stargate  
  24  2:29  Forge  
  24  2:39  Pylon  
  24  2:41  Probe  
  25  2:49  Pylon  
  25  2:53  Probe (Chrono Boost)  
  25  2:54  Stargate  
  25  2:57  Probe (Chrono Boost)  
  27  3:05  Probe (Chrono Boost)  
  28  3:07  Photon Cannon  
  28  3:10  Probe (Chrono Boost)  
  28  3:11  Photon Cannon, Probe (Chrono Boost)  
  30  3:19  Probe  
  31  3:30  Fleet Beacon  
  31  3:31  Probe  
  32  3:38  Pylon  
  32  3:44  Probe x2 (Chrono Boost)  
  34  3:53  Stargate  
  34  3:56  Probe (Chrono Boost)  
  34  4:01  Pylon  
  34  4:02  Probe (Chrono Boost)  
  36  4:04  Probe (Chrono Boost)  
  36  4:07  Cybernetics Core  
  36  4:08  Probe (Chrono Boost)  
  38  4:15  Probe (Chrono Boost)  
  38  4:16  Protoss Air Weapons Level 1  
  39  4:20  Probe (Chrono Boost)  
  41  4:25  Probe x2 (Chrono Boost)  
  48  4:32  Carrier (Chrono Boost)  
  54  4:46  Carrier (Chrono Boost)  
  54  4:55  Carrier (Chrono Boost)  
  60  5:05  Probe  
  60  5:06  Protoss Air Armor Level 1  
  61  5:17  Probe (Chrono Boost)  
  61  5:21  Stargate  
  63  5:29  Probe (Chrono Boost)  
  63  5:33  Probe (Chrono Boost)  
  64  5:37  Carrier  
  64  5:42  Probe  
  71  5:44  Probe  
  72  5:54  Probe  
  72  5:56  Probe  
  74  6:08  Probe  
  74  6:17  Probe (Chrono Boost)  
  75  6:28  Probe (Chrono Boost)  
  76  6:33  Probe (Chrono Boost)  
  77  6:43  Probe  
  77  6:45  Pylon  
  78  6:47  Pylon  
  78  7:01  Pylon  
  78  7:03  Probe  
  78  7:05  Pylon  
  91  7:10  Carrier (Chrono Boost)  
  91  7:12  Carrier (Chrono Boost)  
  91  7:15  Protoss Air Weapons Level 2  
  91  7:16  Carrier (Chrono Boost)  
  91  7:17  Pylon  
  97  7:23  Carrier  
  97  7:27  Nexus  
  97  7:29  Protoss Air Armor Level 2  
  103  7:34  Photon Cannon  
  103  7:36  Photon Cannon  
  103  7:47  Photon Cannon  
  103  7:49  Photon Cannon  
  103  8:00  Probe (Chrono Boost)  
  104  8:09  Probe (Chrono Boost)  
  105  8:14  Photon Cannon, Probe (Chrono Boost)  
  106  8:22  Mothership (Chrono Boost)  
  106  8:26  Probe  
  115  8:29  Assimilator  
  115  8:34  Assimilator  
  115  8:35  Pylon  
  115  8:46  Photon Cannon, Probe  
  116  8:58  Probe  
  117  9:10  Probe  
  117  9:11  Carrier  
  117  9:16  Probe (Chrono Boost)  
  125  9:30  Carrier  
  132  9:34  Probe (Chrono Boost)  
  132  9:38  Pylon  
  132  9:41  Probe (Chrono Boost)  
  133  9:52  Probe (Chrono Boost)  
  134  9:57  Carrier  
  134  9:58  Probe (Chrono Boost)  
  141  10:02  Probe (Chrono Boost)  
  142  10:11  Probe x2 (Chrono Boost)  
  144  10:14  Pylon  
  144  10:16  Probe  
  144  10:18  Pylon  
  144  10:19  Probe  
  144  10:20  Pylon  
  146  10:22  Pylon  
  146  10:25  Pylon  
  146  10:28  Probe  
  146  10:29  Pylon  
  147  10:39  Nexus  
  147  10:41  Assimilator  
  147  10:45  Assimilator  
  147  10:47  Pylon  
  147  10:52  Pylon, Probe (Chrono Boost)  
  148  11:02  Probe (Chrono Boost)  
  155  11:04  Carrier (Chrono Boost)  
  155  11:06  Carrier x2 (Chrono Boost), Probe (Chrono Boost)  
  168  11:12  Photon Cannon  
  168  11:14  Photon Cannon  
  168  11:18  Probe  
  169  11:19  Photon Cannon  
  137  12:04  Carrier (Chrono Boost)  
  137  12:11  Carrier (Chrono Boost)  
  137  12:14  Carrier (Chrono Boost)  
  112  12:36  Photon Cannon  
  115  12:50  Carrier (Chrono Boost)  
  93  13:27  Carrier (Chrono Boost)  
  87  13:29  Carrier x2 (Chrono Boost)  
  87  13:38  Photon Cannon  
  78  13:41  Photon Cannon  
  78  13:43  Photon Cannon  
  84  13:54  Carrier (Chrono Boost)  
  83  14:10  Photon Cannon  
  83  14:20  Pylon  
  83  14:22  Pylon  
  83  14:25  Pylon  
Show
View Real Time Build Order
Export as new Build Order

Dinisc Terran 

Build Orders:  

Get SALT Encoding   

  12  0:03  SCV  
  13  0:15  SCV  
  13  0:21  Supply Depot  
  14  0:29  Refinery  
  14  0:51  Barracks  
  14  1:00  SCV  
  15  1:05  Supply Depot  
  15  1:12  Refinery  
  15  1:34  Engineering Bay  
  15  1:35  Supply Depot  
  15  1:44  Barracks Tech Lab  
  15  1:55  Factory  
  15  2:08  SCV  
  16  2:20  SCV  
  17  2:25  Supply Depot  
  17  2:29  Supply Depot  
  17  2:32  SCV  
  18  2:44  SCV  
  19  2:56  SCV  
  20  3:06  Factory Tech Lab  
  20  3:17  Marine  
  21  3:21  Bunker  
  21  3:25  Siege Tank  
  24  3:35  Marine  
  25  3:42  SCV  
  25  3:43  Command Center  
  26  3:53  Marine  
  26  3:54  Supply Depot, SCV  
  28  3:57  Siege Tank  
  31  4:05  Missile Turret  
  31  4:07  SCV  
  32  4:11  Marine, Hi-Sec Auto Tracking  
  33  4:24  Supply Depot  
  33  4:29  Marine  
  34  5:00  Missile Turret  
  34  5:07  Widow Mine  
  34  5:08  Neosteel Armor  
  36  5:16  SCV  
  37  5:22  Refinery  
  37  5:27  Marine  
  38  5:28  Widow Mine  
  38  5:29  SCV  
  41  5:41  Orbital Command, SCV  
  42  5:44  Marine  
  45  5:50  Widow Mine  
  45  5:53  SCV  
  46  6:02  Marine  
  47  6:05  SCV  
  47  6:09  Refinery  
  50  6:11  Widow Mine  
  50  6:20  Marine  
  53  6:33  Widow Mine  
  53  6:38  Marine  
  54  6:48  Terran Infantry Weapons Level 1  
  52  7:39  Armory  
  55  7:51  Siege Tank  
  55  8:06  SCV  
  56  8:18  SCV  
  57  8:23  Siege Tank  
  60  8:30  SCV  
  61  8:42  Terran Infantry Armor Level 1, SCV  
  59  8:54  SCV  
  59  8:55  Siege Tank  
  63  9:12  Terran Ship Weapons Level 1  
  63  9:13  Starport  
  63  9:27  Siege Tank  
  66  9:37  Marine  
  67  9:50  Starport Tech Lab  
  67  9:55  Marine  
  67  9:59  Siege Tank  
  71  10:02  Fusion Core  
  71  10:13  Marine  
  72  10:30  Marine  
  72  10:31  Thor  
  79  10:36  Terran Infantry Weapons Level 2  
  79  10:48  Marine  
  80  10:51  Missile Turret  
  80  10:55  Weapon Refit  
  80  11:04  Starport  
  80  11:05  Battlecruiser  
  80  11:06  Terran Vehicle Weapons Level 1  
  86  11:20  Supply Depot  
  86  11:25  Thor, Marine  
  74  12:08  Thor  
  74  12:09  Battlecruiser  
  86  12:23  Starport Tech Lab  
  79  12:51  Siege Tank  
  82  13:00  Terran Vehicle And Ship Armor Level 1  
  82  13:01  Thor  
  76  13:13  Battlecruiser  
  76  13:14  Battlecruiser  
  76  13:19  Missile Turret  
  86  13:23  Siege Tank  
  86  13:42  Missile Turret  
  82  13:56  Siege Tank  
  52  14:42  Missile Turret  
Show
View Real Time Build Order
Export as new Build Order

EsqueletoXd Zerg 

Build Orders: Pool Only 

Get SALT Encoding   

  12  0:29  Spawning Pool  
  11  2:00  Extractor  
  10  2:37  Drone  
  10  2:38  Drone  
  10  2:39  Drone  
  13  2:55  Extractor  
  12  2:59  Drone  
  13  4:44  Drone  
  14  7:19  Spine Crawler  
Tags
 
Add a new tag
Caveats
  • Supply blocks, unpowered buildings, or Contaminate may cause inaccurate times.
  • Supply counts are checked every 10 seconds.